 Dungeon Crawl Stone Soup version 0.19-a0-1099-g481dbaa (webtiles) character file.

1474 AlphabetPasta the Caller (level 8, 0/57 HPs)
             Began as a Mummy Summoner on Aug 8, 2016.
             Was a Follower of Ru.
             Slain by a wasp zombie (5 damage)
             ... on level 6 of the Dungeon.
             The game lasted 00:50:14 (9595 turns).

AlphabetPasta the Caller (Mummy Summoner)           Turns: 9595, Time: 00:50:15

Health: 0/57       AC:  4    Str: 12    XL:     8   Next: 49%
Magic:  15/15      EV: 12    Int: 21    God:    Ru [*.....]
Gold:   327        SH:  0    Dex: 12    Spells: 3 memorised, 11 levels left

rFire  . . .     SeeInvis .     k - +1 spear (venom)
rCold  + . .     Gourm    .     a - +0 robe
rNeg   + + +     Faith    .     (no shield)
rPois  ∞         Spirit   .     i - +0 helmet
rElec  .         Dismiss  .     (no cloak)
rCorr  .         Reflect  .     (no gloves)
SustAt .         Harm     .     e - +0 pair of boots
MR     +....                    (no amulet)
Stlth  ++........               f - +5 ring of intelligence
                                p - ring of protection from fire

@:
A: no food or potions, fire vulnerability, cold resistance 1, negative energy
resistance 3, torment resistance, unbreathing, no fire magic, no hexes magic, no
translocations magic
a: Renounce Religion


You were on level 6 of the Dungeon.
You worshipped Ru.
Ru was aware of your devotion.
You were not hungry.

You visited 2 branches of the dungeon, and saw 7 of its levels.
You also visited: Ossuary.

You collected 327 gold pieces.

Inventory:

Hand Weapons
 k - a +1 spear of venom (weapon)
 q - a +1 trident
Armour
 a - a +0 robe (worn)
 e - a +0 pair of boots (worn)
 i - a +0 helmet (worn)
Jewellery
 d - a +6 ring of dexterity
 f - a +5 ring of intelligence (right hand)
 j - an uncursed ring of fire
 p - a ring of protection from fire (left hand)
Wands
 l - a wand of polymorph (3/24)
Scrolls
 c - a scroll of blinking
 g - 9 scrolls of identify
 h - 5 scrolls of remove curse
 m - 2 scrolls of enchant weapon
 n - a scroll of amnesia
 o - 3 scrolls of recharging
 r - a scroll of fear
 s - a scroll of enchant armour {unknown}
 t - a scroll of fog
Books
 b - a book of Callings

   Spells                             Type                      Level
   a - Summon Small Mammal            Summoning                    1
   b - Call Imp                       Summoning                    2
   c - Call Canine Familiar           Summoning                    3
   d - Summon Guardian Golem          Hexes/Summoning              3
   e - Summon Lightning Spire         Summoning/Air                4
   f - Summon Ice Beast               Ice/Summoning                4


   Skills:
 - Level 2.4 Fighting
 + Level 2.1 Polearms
 - Level 2.4 Dodging
 - Level 1.5 Stealth
 + Level 5.1 Spellcasting
 * Level 7.4 Summonings
 + Level 0.1 Evocations


You had 11 spell levels left.
You knew the following spells:

 Your Spells              Type           Power        Failure   Level  Hunger
a - Summon Small Mammal   Summ           ####         1%          1    N/A
b - Call Imp              Summ           #####...     1%          2    N/A
c - Call Canine Familiar  Summ           #####...     1%          3    N/A

Dungeon Overview and Level Annotations

Branches:
Dungeon (6/15)             Temple (1/1) D:5

Altars:
Ashenzari
Cheibriados
Dithmenos
Elyvilon
Fedhas
Gozag
Hepliaklqana
Kikubaaqudgha
Makhleb
Nemelex Xobeh
Okawaru
Pakellas
Qazlal
Ru
Sif Muna
Trog
Uskayaw
Vehumet
Xom
Yredelemnul
Zin
The Shining One


Innate Abilities, Weirdness & Mutations

You do not eat or drink.
Your flesh is vulnerable to fire.
You are immune to poison.
Your flesh is cold resistant. (rC+)
You are immune to negative energy. (rN+++)
You are immune to unholy pain and torment.
You can survive without breathing.
You cannot study or cast Fire magic.
You cannot study or cast Hexes magic.
You cannot study or cast Translocations magic.


Message History

The wasp zombie completely misses you.
You hit the wasp zombie.
The wasp zombie is almost destroyed.
The wasp zombie hits you!
* * * LOW HITPOINT WARNING * * *
You are too injured to fight recklessly!
You are too injured to fight recklessly!
You are too injured to fight recklessly!
You hit the wasp zombie.
The wasp zombie is almost destroyed.
The wasp zombie closely misses you. The wasp zombie hits you!
* * * LOW HITPOINT WARNING * * *
You closely miss the wasp zombie.
The wasp zombie is almost destroyed.
The wasp zombie hits you.
* * * LOW HITPOINT WARNING * * *
You closely miss the wasp zombie.
The wasp zombie is almost destroyed.
The wasp zombie hits you.
You die...

################.#####
.......(.........#...
)###....#######..#.######
)..+...(+...........>...#
.###....#..#.##.#########
.#...#.....#..#...!....
...###.#.....###########
...#...................#
#.##.#.....#.###@.......
#..#....#.##.# #.Z...... #. .#
##.#....#....###........ #.#.#
......%.#.....##........ #.#.#.#
##......#.###.##........ #.#.#.#
............#.##........ #(..#.#
.......##%#.#.##...?.... ...#%.
......)##.#.#.##############..#..
.......##.#...# #####.....).#.#


You could see a wasp zombie.

Vanquished Creatures
  An ice beast (D:5)
  A giant frog (D:5)
  A scorpion (D:5)
  A crimson imp (D:6)
  An orc priest (D:4)
  A hound (D:5)
  An orc wizard (D:4)
  An iguana (D:4)
  2 worker ants
  A killer bee zombie (D:6)
  A mummy (Ossuary)
  A gnoll (D:4)
  An ooze (D:4)
  An adder skeleton (D:5)
  A dart slug (D:3)
  A giant gecko (D:2)
  8 orcs
  5 bats
  4 giant cockroaches
  A gnoll zombie (Ossuary)
  3 hobgoblins
  4 jackals
  2 kobolds (D:2)
  A quokka (D:3)
  A ball python (D:3)
  2 giant newts
  14 goblins
  A goblin zombie (Ossuary)
  2 hobgoblin zombies (Ossuary)
  An orc zombie (Ossuary)
  A quokka skeleton (D:5)
  A quokka zombie (Ossuary)
  6 rats
  A rat zombie (Ossuary)
75 creatures vanquished.

Vanquished Creatures (collateral kills)
  The ghost of Kramin the Ducker, a novice DrTm of Sif Muna (D:6)
  A necrophage (D:6)
  3 ogres (D:6)
  2 centaurs (D:5)
  A scorpion (D:6)
  4 wights (D:6)
  2 howler monkeys (D:6)
  2 crimson imps
  A quasit (D:2)
  A centaur zombie (D:6)
  A jelly (D:5)
  3 orc priests
  3 orc wizards
  A worker ant (D:5)
  Natasha (twice) (D:2)
  2 mummies (Ossuary)
  Robin (D:2)
  5 gnolls
  5 adders
  An ooze (D:2)
  An adder zombie (Ossuary)
  2 worms
  3 dart slugs
  2 giant geckos
  14 orcs
  4 bats
  2 giant cockroaches
  A gnoll zombie (Ossuary)
  7 hobgoblins
  2 jackals
  2 giant newts
  5 goblins
  3 goblin zombies (Ossuary)
  2 hobgoblin zombies (Ossuary)
  4 kobolds
  An orc zombie (Ossuary)
  A quokka zombie (Ossuary)
  2 rats
  2 rat zombies (Ossuary)
102 creatures vanquished.

Grand Total: 177 creatures vanquished

Notes
Turn   | Place    | Note
-------+----------+-------------------------------------------
     0 | D:1      | AlphabetPasta the Mummy Summoner began the quest for the Orb.
     0 | D:1      | Reached XP level 1. HP: 13/13 MP: 3/3
  1173 | D:1      | Reached XP level 2. HP: 14/19 MP: 3/5
  1179 | D:1      | Learned a level 2 spell: Call Imp
  1380 | D:2      | Noticed Robin
  1404 | D:2      | Killed Robin
  2017 | D:2      | Reached XP level 3. HP: 16/24 MP: 3/6
  2229 | D:2      | Reached skill level 4 in Summonings
  2401 | D:2      | Learned a level 3 spell: Call Canine Familiar
  3232 | D:2      | Noticed Natasha
  3244 | D:2      | Killed Natasha
  3244 | D:2      | Reached XP level 4. HP: 3/30 MP: 3/8
  3684 | D:2      | Noticed Natasha
  3692 | D:2      | Killed Natasha
  4203 | D:3      | Reached skill level 1 in Polearms
  4290 | D:3      | Reached XP level 5. HP: 26/35 MP: 9/9
  4385 | D:3      | Found a sacrificial altar of Ru.
  4412 | D:3      | Became a worshipper of Ru the Awakened
  5100 | D:3      | Found a faded altar of an unknown god.
  5180 | D:4      | Learned a level 3 spell: Call Canine Familiar
  5185 | D:4      | Found a bloodstained altar of Trog.
  5411 | D:4      | Reached skill level 5 in Summonings
  5417 | D:4      | Reached XP level 6. HP: 22/42 MP: 5/11
  5422 | D:4      | Reached skill level 1 in Fighting
  5427 | D:4      | Got a scorched leather armour
  5663 | D:4      | Identified the +0 leather armour of the Fiddle {MR+} (You took it off an orc on level 4 of the Dungeon)
  6317 | D:5      | Entered Level 5 of the Dungeon
  6329 | D:5      | Noticed an ice beast
  6350 | D:5      | Killed an ice beast
  6391 | D:5      | Gained mutation: You cannot study or cast Fire magic. [Ru sacrifice]
  6391 | D:5      | Gained mutation: You cannot study or cast Hexes magic. [Ru sacrifice]
  6391 | D:5      | Gained mutation: You cannot study or cast Translocations magic. [Ru sacrifice]
  6391 | D:5      | Reached * piety under Ru
  6481 | D:5      | Found a sand-covered staircase.
  6615 | Ossuary  | Entered an ossuary
  6621 | Ossuary  | Reached XP level 7. HP: 45/50 MP: 5/12
  7269 | D:5      | Reached skill level 6 in Summonings
  7270 | D:5      | Upgraded the game from 0.19-a0-1096-g8280678 to 0.19-a0-1099-g481dbaa
  7740 | D:5      | Found a staircase to the Ecumenical Temple.
  7783 | Temple   | Entered the Ecumenical Temple
  8590 | D:6      | Noticed Kramin's ghost (novice DrTm)
  8998 | D:6      | Killed Kramin's ghost
  8998 | D:6      | Reached XP level 8. HP: 28/57 MP: 7/15
  9363 | D:6      | Reached skill level 7 in Summonings
  9372 | D:6      | Reached skill level 5 in Spellcasting
  9595 | D:6      | Slain by a wasp zombie

Vault maps used:
D:1:      lightli_arrival_farm
D:2:      uniq_robin, uniq_natasha
D:3:      ecumenical_altar_2, nicolae_ru_awakened_eye
D:4:      bloody_trog
D:5:      first_bread, lightli_ossuary_entry_decrepit_ruins
Temple:   grunt_wide_crystal_templ
Ossuary:  ossuary_minmay_chase

Skill      XL: |  1  2  3  4  5  6  7  8 |
---------------+-------------------------+-----
Summonings     | 4 5 6 7 |  7.4
Spellcasting   | 3 4 5 |  5.1
Polearms       | 1 2 |  2.1
Fighting       | 2 |  2.4
Dodging        | 2 |  2.4
Stealth        | |  1.5
Evocations     | |  0.1

Action                   |  1- 3 |  4- 6 |  7- 9 || total
-------------------------+-------+-------+-------++-------
Melee: Unarmed           |   129 |       |       ||   129
       Trident           |    46 |   261 |    39 ||   346
       Spear             |       |       |   137 ||   137
 Cast: Summon Small Mamm |    45 |     4 |     5 ||    54
       Call Imp          |     6 |     9 |    11 ||    26
       Call Canine Famil |     1 |    23 |    20 ||    44
Invok: Sacrifice Arcana  |       |     1 |       ||     1
  Use: Scroll            |     2 |    10 |     6 ||    18
 Stab: Sleeping          |     5 |     9 |       ||    14
       Distracted        |     2 |     3 |     3 ||     8
Armor: Robe              |    24 |    39 |    17 ||    80
Dodge: Dodged            |   115 |   145 |    68 ||   328
